 Dungeon Crawl Stone Soup version 0.29-a0-598-gd8304a5bf4 (webtiles) character file.

Game seed: 3248287542579156271

36 vulpzor the Skirmisher (level 3, 0/29 HPs)
             Began as a Demonspawn Monk on June 15, 2022.
             Was a Believer of Kikubaaqudgha.
             Slain by a gnoll
             ... wielding a +0 spear
              (4 damage)
             ... on level 2 of the Dungeon.
             The game lasted 00:05:25 (1328 turns).

vulpzor the Skirmisher (Demonspawn Monk)            Turns: 1328, Time: 00:05:25

Health: 0/29       AC:  9    Str: 13    XL:     3   Next: 19%
Magic:  3/3        EV:  8    Int: 11    God:    Kikubaaqudgha [**....]
Gold:   82         SH: 11    Dex: 15    Spells: 1/2 levels left

rFire   . . .      SeeInvis .   a - +0 mace
rCold   . . .      Faith    .   l - +0 tower shield
rNeg    . . .      Spirit   .   i - +1 leather armour
rPois   .          Reflect  .   (no helmet)
rElec   .          Harm     .   (no cloak)
rCorr   .          Rampage  .   h - +2 pair of gloves
Will    .....                   (no boots)
Stlth   ++........              (no amulet)
HPRegen 0.09/turn               (no ring)
MPRegen 0.08/turn               (no ring)

@: no status effects
A: hooves 1, icy blue scales 1
a: Renounce Religion, Unearth Wretches


You were on level 2 of the Dungeon.
You worshipped Kikubaaqudgha.
Kikubaaqudgha was pleased with you.
You visited 1 branch of the dungeon, and saw 2 of its levels.

You collected 82 gold pieces.

Inventory:

Hand Weapons
 a - a +0 mace (weapon)
 j - a +0 long sword of freezing
Armour
 b - a +0 robe
 h - a +2 pair of gloves (worn)
 i - a +1 leather armour (worn)
 l - a +0 tower shield (worn)
Scrolls
 d - 2 scrolls of identify
Potions
 c - a potion of ambrosia
 f - 2 potions of curing


   Skills:
 + Level 3.3 Fighting
 * Level 3.2 Maces & Flails
 + Level 3.0 Dodging
 + Level 2.2 Stealth


You had one spell level left.
You knew the following spells:

 Your Spells              Type           Power      Damage    Failure   Level
a - Necrotize             Necr           0%         1d4       100%        1

Your spell library contained the following spells:

 Spells                   Type           Power      Damage    Failure   Level
 Apportation              Tloc           0%         N/A       100%        1
 Summon Small Mammal      Summ           0%         N/A       100%        1
 Sublimation of Blood     Necr           0%         N/A       100%        2
 Anguish                  Hex/Necr       0%         N/A       100%        4
 Animate Dead             Necr           0%         N/A       100%        4


Dungeon Overview and Level Annotations

Branches:
Dungeon (2/15)

Altars:
Kikubaaqudgha


Innate Abilities, Weirdness & Mutations

You have large cloven feet.
You are partially covered in icy blue scales. (AC +2)


Message History

The gnoll shouts!
The gnoll barely misses you. x2
You hit the gnoll. Your kick misses the gnoll.
The gnoll is lightly wounded.
The gnoll hits you with a +0 spear. You block the gnoll's attack.
The gnoll hits you but does no damage. You block the gnoll's attack.
You hit the gnoll. You kick the gnoll.
The gnoll is heavily wounded.
The gnoll barely misses you. The gnoll hits you with a +0 spear.
The gnoll barely misses you.
You closely miss the gnoll. You kick the gnoll.
The gnoll is severely wounded.
The gnoll barely misses you. x3; You block the gnoll's attack.
The gnoll barely misses you. You block the gnoll's attack.
You barely miss the gnoll. You kick the gnoll.
The gnoll is almost dead.
The gnoll barely misses you. The gnoll closely misses you.
You block the gnoll's attack. The gnoll hits you but does no damage.
The gnoll barely misses you. You block the gnoll's attack.
You sock the gnoll!
You kill the gnoll!
Kikubaaqudgha accepts your kill. The gnoll hits you with a +0 spear!
The gnoll closely misses you.
Your Dodging skill increases to level 3!
You have reached level 3!
Your experience leads to an increase in your attributes!
Increase (S)trength, (I)ntelligence, or (D)exterity?
You feel stronger. x2; Your demonic ancestry asserts itself...
Icy blue scales grow over part of your body.
The gnoll attacks as you move away! The gnoll hits you but does no damage.
Found a robe.
The gnoll hits you from afar with a +0 spear.
Things that are here:
a +0 spear; a +0 leather armour; a gnoll corpse You closely miss the gnoll.
You kick the gnoll, but do no damage. You block the gnoll's attack.
The gnoll hits you with a +0 club.
* * * LOW HITPOINT WARNING * * *
The gnoll hits you from afar with a +0 spear.
You die...
Kikubaaqudgha rasps: "You have failed me!
Welcome... death!"

. #.##...[....[......
[[. #....)............#
.#.#.#.##..)...........#
..#... #..##..........#
...#.##.............##
#.#....####........##
.....##.# #..........#
#.##.#.##.###...........
.....(.@gg..#...........
##.###.##...............
... ..###...........
#.## #.# .........>.. #.
#.#..#........## . ..# #
# ..# ..


You could see 2 gnolls.

Vanquished Creatures
  2 gnolls (D:2)
  A dart slug (D:1)
  4 bats
  An endoplasm (D:2)
  2 goblins (D:1)
  A hobgoblin (D:1)
  A kobold (D:2)
  A quokka (D:2)
  A ball python (D:2)
  A frilled lizard (D:1)
15 creatures vanquished.

Notes
Turn   | Place    | Note
-------+----------+-------------------------------------------
     0 | D:1      | vulpzor the Demonspawn Monk began the quest for the Orb.
     0 | D:1      | Reached XP level 1. HP: 18/18 MP: 1/1
   485 | D:1      | Gained mutation: You have large cloven feet. [demonic
                  | ancestry]
   485 | D:1      | Reached XP level 2. HP: 20/24 MP: 2/2
   565 | D:1      | Found a faded altar of an unknown god.
   569 | D:1      | Prayed at the altar of an unknown god.
   569 | D:1      | Became a worshipper of Kikubaaqudgha
   569 | D:1      | Reached * piety under Kikubaaqudgha
   569 | D:1      | Received a gift from Kikubaaqudgha
   569 | D:1      | Reached ** piety under Kikubaaqudgha
   572 | D:1      | Learned a level 1 spell: Necrotize
  1327 | D:2      | Gained mutation: You are partially covered in icy blue
                  | scales. (AC +2) [demonic ancestry]
  1327 | D:2      | Reached XP level 3. HP: 12/29 MP: 3/3
  1328 | D:2      | Slain by a gnoll

Illustrated notes

Levels and vault maps discovered:
D:1:      dpeg_arrival_three_smaller_balls, layout_basic,
          chequers_ecumenical_altar_grove
D:2:      layout_rooms, basic_altar, minmay_diced_spiral

Skill      XL: |  1  2 |
---------------+-------+-----
Stealth        | 2 |  2.2
Maces & Flails | 3 |  3.2
Dodging        | 3 |  3.0
Fighting       | |  3.3

Action                   || total
-------------------------++-------
Melee: Mace              ||    37
       Kick              ||     4
  Use: Scroll            ||     5
 Stab: Sleeping          ||     2
Armor: Leather armour    ||    18
Dodge: Dodged            ||    24
Block: Tower shield      ||    28

Table legend: (Time is in decaauts)
 A = Elapsed time spent in this place.
 B = Non-inter-level travel time spent in this place.
 C = Inter-level travel time spent in this place.
 D = Time resting spent in this place.
 E = Time spent auto-exploring this place.
 F = Levels seen in this place.
 G = Mean time per level.
                   A        B        C        D        E       F      G
               +--------+--------+--------+--------+--------+-----+--------+
         Total |   1349 |   1349 |      0 |    243 |    798 |   2 |  674.5 |
       Dungeon |   1349 |   1349 |      0 |    243 |    798 |   2 |  674.5 |
               +--------+--------+--------+--------+--------+-----+--------+

Top non-repeatable levels by time:
     D:1: 977 daAuts
     D:2: 371 daAuts
